Map: Incorporeal LE

Players

Kulak

  • Race: Protoss Protoss
  • League: Diamond
  • Spawn Location: 5:00

ManlyManMeat - Winner!

  • Race: Zerg Zerg
  • League: Diamond
  • Spawn Location: 11:00

VOD

Have the link to the VOD?

Description

Time

  • Played on: July 5, 2025, 6:35 a.m.
  • Length: 13:46
Show
View Real Time Build Order
Export as new Build Order

Kulak Protoss 

Build Orders:  

Get SALT Encoding   

  1  0:00  Probe  
  13  0:14  Probe  
  14  0:23  Pylon  
  14  0:26  Probe  
  15  0:41  Probe  
  16  0:44  Forge  
  16  0:58  Pylon  
  16  1:10  Pylon  
  16  1:26  Pylon  
  16  1:28  Assimilator  
  16  1:35  Assimilator  
  16  1:37  Gateway  
  15  1:40  Assimilator  
  15  1:43  Photon Cannon  
  15  1:50  Pylon  
  15  2:09  Photon Cannon  
  15  2:10  Photon Cannon  
  15  2:15  Pylon  
  15  2:23  Assimilator  
  15  2:35  Assimilator  
  15  2:41  Cybernetics Core  
  15  2:58  Nexus  
  15  3:01  Pylon  
  15  3:14  Probe  
  16  3:26  Probe  
  17  3:28  Photon Cannon  
  17  3:38  Probe  
  18  3:50  Probe  
  18  3:52  Stargate  
  19  3:59  Pylon  
  19  4:10  Probe x2  
  21  4:22  Stargate  
  21  4:31  Zealot  
  23  4:46  Shield Battery  
  23  4:51  Probe x2  
  25  5:03  Probe x2  
  27  5:15  Pylon, Probe x2  
  29  5:25  Probe x2  
  31  5:29  Assimilator  
  31  5:33  Probe x2  
  31  5:41  Probe  
  34  5:50  Stalker  
  34  5:51  Fleet Beacon  
  34  5:53  Assimilator  
  34  6:03  Probe x2  
  38  6:15  Probe x2  
  40  6:25  Carrier  
  40  6:27  Probe  
  40  6:28  Probe  
  40  6:31  Carrier  
  54  6:58  Probe  
  54  6:59  Probe  
  54  7:00  Protoss Air Weapons Level 1  
  56  7:03  Flux Vanes  
  56  7:11  Probe x2  
  58  7:19  Cybernetics Core  
  58  7:23  Probe x2  
  58  7:26  Pylon  
  58  7:28  Protoss Shields Level 1  
  60  7:35  Probe  
  61  7:39  Pylon  
  61  7:42  Probe  
  62  7:57  Probe  
  63  8:03  Robotics Facility  
  63  8:05  Stargate  
  63  8:08  Stargate  
  63  8:24  Cybernetics Core  
  60  8:41  Pylon  
  59  8:43  Photon Cannon  
  59  8:44  Photon Cannon  
  59  8:47  Carrier, Photon Cannon  
  58  8:49  Warp Gate  
  58  8:53  Observer  
  71  9:11  Observer  
  71  9:14  Nexus  
  71  9:16  Assimilator  
  72  9:18  Probe x2  
  72  9:20  Assimilator  
  72  9:23  Pylon  
  74  9:25  Pylon  
  74  9:30  Probe x2  
  77  9:33  Void Ray  
  75  9:42  Probe x2, Shield Battery  
  75  9:44  Shield Battery  
  71  9:46  Shield Battery  
  70  9:57  Probe  
  67  10:08  Carrier  
  67  10:15  Tempest  
  70  10:27  Gateway  
  69  10:31  Twilight Council  
  69  10:33  Gateway, Shield Battery  
  69  10:35  Pylon  
  69  10:36  Gateway  
  69  10:39  Pylon  
  69  10:50  Observer  
  76  10:58  Tempest  
  70  11:20  Immortal  
  54  11:32  Stalker x4  
  52  11:42  Dark Shrine  
  52  12:01  Shield Battery  
  52  12:03  Shield Battery  
  52  12:11  Shield Battery  
  52  12:12  Shield Battery  
  44  12:45  Gateway  
  44  12:48  Gateway  
  35  13:03  Dark Templar x2  
Show
View Real Time Build Order
Export as new Build Order

ManlyManMeat Zerg - Winner!

Build Orders: Hatch First 

Get SALT Encoding   

  12  0:00  Drone  
  13  0:08  Drone  
  13  0:14  Extractor  
  13  0:16  Drone  
  15  0:22  Overlord  
  15  0:43  Drone  
  15  0:46  Hatchery  
  15  0:49  Drone  
  16  0:53  Drone  
  17  1:01  Drone  
  20  1:18  Drone x2  
  20  1:31  Drone  
  21  1:51  Spawning Pool  
  20  2:00  Drone  
  21  2:26  Extractor  
  21  2:29  Drone x3  
  23  2:48  Queen  
  23  2:50  Queen  
  27  2:58  Overlord  
  27  3:07  Zergling x2  
  28  3:14  Overlord  
  28  3:15  Overlord  
  28  3:18  Zergling x6  
  31  3:30  Zergling x4  
  33  3:37  Zergling x4  
  35  3:55  Zergling x4  
  37  3:58  Hatchery  
  36  4:12  Zergling x8  
  36  4:13  Zergling x6  
  43  4:20  Extractor  
  43  4:23  Drone  
  43  4:24  Drone  
  46  4:38  Drone x7  
  49  4:59  Overlord x2  
  49  5:00  Overlord  
  49  5:06  Queen  
  49  5:08  Overlord x3  
  51  5:15  Drone x4, Baneling Nest  
  51  5:16  Evolution Chamber  
  51  5:18  Drone  
  54  5:30  Drone x3  
  57  5:36  Spore Crawler  
  57  5:37  Spore Crawler  
  57  5:39  Drone x5  
  60  5:43  Lair  
  60  5:50  Spore Crawler  
  59  6:00  Extractor  
  59  6:02  Drone x3, Extractor  
  59  6:03  Drone x3  
  63  6:04  Drone x2  
  65  6:16  Drone x2  
  65  6:17  Drone x2  
  69  6:21  Zerg Melee Weapons Level 1  
  69  6:22  Drone  
  70  6:31  Drone  
  71  6:33  Drone, Evolution Chamber  
  71  6:34  Drone  
  72  6:53  Centrifugal Hooks, Hydralisk Den  
  71  6:57  Evolution Chamber  
  70  7:03  Overlord  
  70  7:04  Overlord  
  70  7:12  Hatchery  
  70  7:14  Zerg Ground Armor Level 1  
  70  7:15  Drone x3  
  71  7:16  Drone  
  71  7:18  Drone  
  71  7:19  Drone x4  
  71  7:22  Hatchery  
  77  7:24  Zerg Missile Weapons Level 1  
  77  7:32  Drone x2, Extractor  
  77  7:33  Drone x3  
  77  7:34  Drone x3, Extractor  
  77  7:35  Baneling x8  
  77  7:36  Baneling x4  
  83  7:46  Muscular Augments  
  83  7:49  Drone x2  
  83  7:50  Drone x2  
  87  8:04  Hydralisk x4  
  87  8:05  Hydralisk  
  94  8:06  Zergling x16  
  104  8:17  Hydralisk x3  
  104  8:29  Hydralisk  
  104  8:30  Hydralisk x4  
  109  8:39  Drone x8  
  116  8:50  Grooved Spines  
  116  8:53  Queen  
  116  8:54  Queen  
  116  8:55  Overlord  
  120  8:56  Overlord x5  
  120  9:05  Baneling  
  120  9:06  Baneling x17  
  120  9:10  Hydralisk x2  
  124  9:19  Drone x3, Extractor  
  124  9:20  Drone x3  
  124  9:21  Extractor  
  118  9:43  Hydralisk  
  118  9:44  Hydralisk x10  
  138  9:53  Zergling x22  
  145  10:10  Hydralisk x7  
  155  10:22  Zerg Ground Armor Level 2, Zerg Missile Weapons Level 2  
  155  10:25  Hydralisk  
  155  10:26  Hydralisk  
  155  10:27  Zergling x26  
  172  10:35  Queen  
  172  10:36  Overlord x3  
  172  10:41  Baneling  
  172  10:42  Baneling x11  
  174  10:48  Overlord x3  
  148  11:27  Hydralisk  
  148  11:28  Hydralisk x19  
  187  11:48  Baneling x11  
  187  12:09  Extractor  
  187  12:14  Extractor  
  182  12:29  Baneling x13  
  175  12:30  Baneling x4  
  156  13:06  Zergling x4  
  156  13:07  Zergling x62  
  156  13:08  Zergling x22  
  186  13:31  Infestation Pit  
Tags
 
Add a new tag
Caveats
  • Supply blocks, unpowered buildings, or Contaminate may cause inaccurate times.
  • Supply counts are checked every 10 seconds.